 Dungeon Crawl Stone Soup version 0.25.1-2-g60ff931df9 (webtiles) character file.

Game seed: 6790523118426157158

14576 sankara the Cleaver (level 11, -4/103 HPs)
             Began as a Deep Dwarf Necromancer on Sept 2, 2020.
             Was an Elder of Makhleb.
             Slain by a blink frog (10 damage)
             ... on level 2 of the Lair of Beasts.
             The game lasted 01:31:03 (15890 turns).

sankara the Cleaver (Deep Dwarf Necromancer)       Turns: 15890, Time: 01:31:04

Health: -4/103     AC:  9    Str: 20    XL:     11   Next: 90%
Magic:  15/15      EV: 17    Int: 17    God:    Makhleb [****..]
Gold:   208        SH:  0    Dex: 13    Spells: 7/16 levels left

rFire    . . .     SeeInvis .   b - +5 hunting sling
rCold    . . .     Gourm    .   (no shield)
rNeg     . . .     Faith    .   P - +0 steam dragon scales
rPois    .         Spirit   .   v - +0 helmet
rElec    .         Reflect  .   B - +0 cloak
rCorr    .         Harm     .   (no gloves)
MR       +....                  A - +0 pair of boots
Stlth    +++.......             o - amulet of magic regeneration
HPRegen  0.00/turn              y - +6 ring of strength
MPRegen  0.39/turn              (no ring)

@: non-regenerating
A: damage resistance, heal wounds, sense surroundings 2, no regeneration
a: Heal Wounds, Minor Destruction, Lesser Servant of Makhleb, Major Destruction,
Renounce Religion


You were on level 2 of the Lair of Beasts.
You worshipped Makhleb.
Makhleb was greatly pleased with you.
You were hungry.

You visited 3 branches of the dungeon, and saw 13 of its levels.
You also visited: Ossuary.

You collected 626 gold pieces.
You spent 418 gold pieces at shops.

Inventory:

Hand Weapons
 a - a +5 vorpal war axe
 b - a +5 hunting sling (weapon)
Missiles
 j - 344 stones
 p - 56 bolts
 x - 7 poisoned darts
 C - 5 silver javelins
 F - 51 sling bullets (quivered)
 K - 5 throwing nets
 L - 3 boomerangs
 O - 8 javelins
Armour
 m - a +2 robe of fire resistance
 v - a +0 helmet (worn)
 A - a +0 pair of boots (worn)
 B - a +0 cloak (worn)
 N - a +0 hat of see invisible
 P - +0 steam dragon scales (worn)
 X - a +0 kite shield
Jewellery
 h - the amulet of Vitality {Regen+ HP+15}
   (You found it on level 6 of the Dungeon)

   [amulet of regeneration]

   It affects your health (+15).
   It increases your rate of regeneration.
 i - an uncursed ring of ice
 o - an amulet of magic regeneration (around neck)
 y - a +6 ring of strength (left hand)
 Z - an uncursed amulet of the acrobat
Wands
 d - a wand of flame (6)
 e - a wand of disintegration (10)
 D - a wand of enslavement (9)
 M - a wand of paralysis (4)
Scrolls
 f - 6 scrolls of remove curse
 E - 5 scrolls of teleportation
 T - a scroll of enchant armour {unknown}
Potions
 k - 8 potions of curing
 l - a potion of invisibility
 n - 4 potions of heal wounds
 q - 3 potions of brilliance
 r - a potion of cancellation
 t - 2 potions of stabbing {unknown}
 u - a potion of haste
 w - a potion of mutation {unknown}
 G - 5 potions of flight
 H - a potion of berserk rage {unknown}
 I - a potion of lignification {unknown}
 Q - a potion of might {unknown}
Miscellaneous
 Y - a tin of tremorstones (3/3)
Comestibles
 c - 15 rations
 g - 10 chunks of flesh


   Skills:
 + Level 7.8 Fighting
 * Level 11.7 Axes
 - Level 3.0 Slings
 + Level 5.4 Armour
 + Level 8.9 Dodging
 - Level 5.0 Stealth
 - Level 3.1 Spellcasting
 - Level 9.0 Necromancy
 + Level 4.7 Invocations
 - Level 3.0 Evocations


You had 7 spell levels left.
You knew the following spells:

 Your Spells              Type           Power        Failure   Level  Hunger
a - Pain                  Necr           ####         1%          1    None
b - Animate Skeleton      Necr           N/A          1%          1    None
c - Vampiric Draining     Necr           ####......   1%          3    ###....
d - Animate Dead          Necr           N/A          4%          4    ####...

Your spell library contained the following spells:

 Spells                   Type           Power        Failure   Level  Hunger
 Agony                    Necr           ####....     12%         5    ######.
 Beastly Appendage        Tmut           #.....       17%         1    None
 Magic Dart               Conj           #...         17%         1    None
 Sandblast                Erth           #.....       17%         1    None
 Passwall                 Tmut/Erth      #.......     26%         2    ##.....
 Searing Ray              Conj           #.....       26%         2    ##.....
 Sticks to Snakes         Tmut           #.......     26%         2    ##.....
 Confusing Touch          Hex            #.......     45%         3    ###....
 Dazzling Flash           Conj/Hex       #.....       45%         3    ###....
 Gell's Gravitas          Tloc           #.........   45%         3    ###....
 Spider Form              Tmut/Pois      #.........   45%         3    ###....
 Stone Arrow              Conj/Erth      #.....       45%         3    ###....
 Fulminant Prism          Conj/Hex       #.........   86%         4    ####...
 Ice Form                 Ice/Tmut       #.......     86%         4    ####...
 Iskenderun's Mystic Bla  Conj/Tloc      #.......     86%         4    ####...
 Petrify                  Tmut/Erth      #.......     86%         4    ####...
 Blade Hands              Tmut           #.........   99%         5    ######.
 Lee's Rapid Deconstruct  Erth           #.........   99%         5    ######.
 Metabolic Englaciation   Hex/Ice        #.........   99%         5    ######.
 Yara's Violent Unravell  Hex/Tmut       #.........   99%         5    ######.


Dungeon Overview and Level Annotations

Branches:
Dungeon (10/15)            Temple (1/1) D:4            Lair (2/6) D:10
  Swamp (0/4) Lair:2          Orc (0/2) D:9         Ossuary (visited)
  Snake: Lair:2-4    Spider: Lair:2-4

Altars:
Ashenzari
Cheibriados
Dithmenos
Elyvilon
Fedhas
Gozag
Hepliaklqana
Kikubaaqudgha
Makhleb
Nemelex Xobeh
Okawaru
Qazlal
Ru
Sif Muna
Trog
Uskayaw
Vehumet
Wu Jian
Xom
Yredelemnul
Zin
The Shining One

Shops:
D:6 *

Portals:
Trove: D:10 (give +6 demon blade)

Annotations:
D:9 2 transporters, exclusion: downstairs, Jeba's ghost, journeyman DDFi


Innate Abilities, Weirdness & Mutations

You are resistant to damage.
You can heal yourself by infusing magical energy.
You passively map the area around you.
You do not regenerate.


Message History

You hear a bellow! x2
There is a stone staircase leading up here.
The blink frog blinks!
The blink frog hits you.
* * * LOW HITPOINT WARNING * * *
The blink frog blinks! x2
You climb upwards.
There is a stone staircase leading down, spattered with blood here.
You swap places.
There is a stone staircase leading down, spattered with blood here.
You climb downwards.
Your mindless thralls stay behind.
The yak bellows!
You hear a bellow! x2
The blink frog closely misses you. The blink frog hits you!
* * * LOW HITPOINT WARNING * * *
The blink frog hits you!
* * * LOW HITPOINT WARNING * * *
The blink frog completely misses you.
The blink frog blinks!
The blink frog completely misses you.
There is a stone staircase leading up here.
The blink frog hits you!
You die...

* # #### ##P#
###..##########P.##
..................##
...................#
..................##
................(..#
.#..#....#.....F.F#.#
................@..#
Y#.............ยง).##
.Y.........Y.F<....#
......(.>.#..###...#
.P.Y.Y......## #..##
.#..Y........# #P.P#
..#.Y...P##.## ##.P#
.............# **.##
.(......... .. *


You could see a yak and 3 blink frogs.

Vanquished Creatures
  Gastronok (D:8)
  Harold (D:10)
  Erica (D:10)
  A two-headed ogre (D:10)
  An unseen horror (D:10)
  Pikel (D:8)
  A manticore (D:10)
  Joseph (D:7)
  2 spiny frogs (Lair:1)
  A black mamba (Lair:1)
  A gargoyle (D:10)
  Maggie (D:8)
  A troll (D:10)
  Prince Ribbit (D:8)
  3 blink frogs (Lair:1)
  A hippogriff (Lair:1)
  Sigmund (D:2)
  11 yaks
  Menkaure (D:4)
  Edmund (D:4)
  A water moccasin (Lair:2)
  A slave (D:8)
  2 orc warriors
  2 porcupines (Lair:1)
  An ice beast (D:4)
  A phantom (D:4)
  A sky beast (D:5)
  A necrophage (D:9)
  3 wolves (D:10)
  2 centaurs
  4 ogres
  A crocodile (D:10)
  An elf zombie (D:7)
  10 bullfrogs
  2 elf skeletons (D:7)
  A water moccasin skeleton (D:9)
  5 scorpions
  An electric eel (D:10)
  3 howler monkeys (D:10)
  3 wights (D:10)
  2 crimson imps (D:7)
  A bullfrog zombie (D:5)
  5 hounds
  Crazy Yiuf (D:2)
  2 jellies (D:10)
  A human zombie (Ossuary)
  An orc priest (D:10)
  A human skeleton (D:7)
  8 orc wizards
  A bullfrog skeleton (D:10)
  A centaur skeleton (D:6)
  A gnoll shaman (D:6)
  4 iguanas
  5 worker ants
  2 big kobold zombies (Ossuary)
  5 mummies (Ossuary)
  3 hound skeletons
  A worker ant zombie (D:6)
  7 gnolls
  8 adders
  3 shadow imps
  6 worms
  3 dart slugs
  6 leopard geckos
  21 orcs
  3 giant cockroaches
  11 goblins
  7 hobgoblins
  5 jackals
  4 quokkas
  8 bats
  3 frilled lizards
  A goblin zombie (Ossuary)
  2 hobgoblin zombies (Ossuary)
  5 kobolds
  A kobold zombie (Ossuary)
  3 orc zombies
  7 rats
238 creatures vanquished.

Vanquished Creatures (collateral kills)
  A troll (D:10)
  A yak (Lair:1)
  A wraith (D:10)
  A basilisk (Lair:1)
  A water moccasin (Lair:2)
  An orc warrior (D:8)
  A bullfrog (D:10)
  3 electric eels (D:10)
  2 hounds (D:10)
  A bullfrog zombie (D:5)
  An iguana (D:10)
  2 worker ants
  Robin (D:2)
  An adder (D:8)
  4 gnolls
  2 orcs (D:8)
  A goblin (D:3)
25 creatures vanquished.

Vanquished Creatures (others)
  3 plants (Lair:2)
3 creatures vanquished.

Grand Total: 266 creatures vanquished

Notes
Turn   | Place    | Note
-------+----------+-------------------------------------------
     0 | D:1      | sankara the Deep Dwarf Necromancer began the quest for the
                  | Orb.
     0 | D:1      | Reached XP level 1. HP: 15/15 MP: 3/3
     2 | D:1      | Learned a level 1 spell: Animate Skeleton
   264 | D:1      | Reached XP level 2. HP: 19/24 MP: 0/4
  1219 | D:2      | Found a blossoming altar of Fedhas.
  1291 | D:2      | Reached XP level 3. HP: 20/30 MP: 4/6
  1296 | D:2      | Learned a level 3 spell: Vampiric Draining
  1595 | D:2      | Noticed Sigmund
  1887 | D:2      | Found a runed translucent door.
  1888 | D:2      | Noticed Crazy Yiuf
  2017 | D:2      | Reached skill level 5 in Necromancy
  2168 | D:2      | Reached skill level 1 in Fighting
  2968 | D:2      | Reached XP level 4. HP: 28/38 MP: 2/7
  3092 | D:3      | Found a basalt altar of Yredelemnul.
  3363 | D:3      | Found a snail-covered altar of Cheibriados.
  3649 | D:3      | Noticed Robin
  4001 | D:2      | Killed Robin
  4001 | D:2      | Reached XP level 5. HP: 40/45 MP: 0/8
  4401 | D:4      | Noticed an ice beast
  4416 | D:4      | Killed an ice beast
  4428 | D:4      | Noticed Menkaure
  4494 | D:4      | Noticed a phantom
  4512 | D:4      | Noticed Edmund
  4593 | D:4      | Reached XP level 6. HP: 51/52 MP: 1/9
  4721 | D:4      | Found a staircase to the Ecumenical Temple.
  4735 | Temple   | Entered the Ecumenical Temple
  4750 | Temple   | Became a worshipper of Makhleb the Destroyer
  5044 | D:4      | Reached skill level 1 in Evocations
  5371 | D:2      | Killed Sigmund
  5371 | D:2      | Reached XP level 7. HP: 40/61 MP: 3/10
  5486 | D:2      | Killed Crazy Yiuf
  5609 | D:4      | Killed Edmund
  5657 | D:5      | Entered Level 5 of the Dungeon
  5730 | D:4      | Learned a level 4 spell: Animate Dead
  6045 | D:5      | Reached XP level 8. HP: 67/69 MP: 2/12
  6199 | D:5      | Found a shadowy altar of Dithmenos.
  6199 | D:5      | Found a sacrificial altar of Ru.
  6222 | D:5      | Found an iron altar of Okawaru.
  6797 | D:4      | Reached skill level 1 in Axes
  7112 | D:6      | Found Xissuqass's General Store.
  7131 | D:6      | Reached skill level 1 in Slings
  7313 | D:6      | Reached skill level 2 in Axes
  7332 | D:6      | Found the amulet of Vitality {Regen+ HP+15}
  7417 | D:6      | Reached skill level 5 in Stealth
  7433 | D:6      | Reached * piety under Makhleb
  7434 | D:6      | Reached skill level 5 in Dodging
  8180 | D:6      | Reached skill level 3 in Axes
  8390 | D:7      | Found a sand-covered staircase.
  8433 | D:7      | Noticed Joseph
  8461 | D:7      | Killed Joseph
  8461 | D:7      | Reached skill level 4 in Axes
  8461 | D:7      | Gained mutation: You passively map the area around you.
                  | [Deep Dwarf growth]
  8461 | D:7      | Reached XP level 9. HP: 18/78 MP: 0/13
  8655 | Ossuary  | Entered an ossuary
  8913 | Ossuary  | Reached ** piety under Makhleb
  9049 | D:7      | Reached skill level 5 in Axes
 10043 | D:8      | Reached skill level 6 in Axes
 10176 | D:8      | Noticed Gastronok
 10197 | D:8      | HP: 2/80 [Gastronok/the air (22)]
 10202 | D:8      | Killed Gastronok
 10202 | D:8      | Reached skill level 5 in Fighting
 10202 | D:8      | Reached skill level 8 in Axes
 10202 | D:8      | Reached XP level 10. HP: 59/91 MP: 0/14
 10680 | D:8      | Noticed Pikel
 10696 | D:8      | Killed Pikel
 10740 | D:8      | Noticed Maggie
 10776 | D:8      | Killed Maggie
 10859 | D:8      | Noticed Prince Ribbit
 11240 | D:8      | Got a pitted scale mail
 11241 | D:8      | Identified the cursed +1 scale mail of Exclusion {rPois
                  | Regen+} (You found it on level 8 of the Dungeon)
 11520 | D:9      | Found a staircase to the Orcish Mines.
 11582 | D:9      | Found a transporter.
 11625 | D:9      | Found a shimmering blue altar of Sif Muna.
 12042 | D:9      | Found a transporter.
 12043 | D:9      | Noticed Jeba's ghost (journeyman DDFi)
 12077 | D:9      | Reached skill level 9 in Axes
 12307 | D:9      | Identified the +3 great mace of the Living Dead {chaos, rC+
                  | Dex+3}
 12307 | D:9      | Noticed a two-headed ogre
 12365 | D:10     | Entered Level 10 of the Dungeon
 12366 | D:10     | Noticed Harold
 12386 | D:10     | Killed Harold
 12386 | D:10     | Reached skill level 1 in Armour
 12481 | D:10     | Reached *** piety under Makhleb
 12533 | D:10     | Found a staircase to the Lair.
 12725 | D:10     | Noticed Erica
 12737 | D:10     | Killed Erica
 12737 | D:10     | Reached skill level 10 in Axes
 12861 | D:6      | Bought a +5 vorpal war axe for 418 gold pieces
 13129 | D:8      | Killed Prince Ribbit
 13129 | D:8      | Reached XP level 11. HP: 94/98 MP: 1/15
 13275 | D:4      | Killed Menkaure
 13519 | D:10     | Noticed a two-headed ogre
 13531 | D:10     | Killed a two-headed ogre
 13531 | D:10     | Reached skill level 1 in Invocations
 13576 | D:10     | Killed an unseen horror
 13764 | D:10     | Found a portal to a secret trove of treasure.
 13923 | D:10     | Reached **** piety under Makhleb
 14597 | Lair:1   | Entered Level 1 of the Lair of Beasts
 14618 | D:10     | Reached skill level 11 in Axes
 14889 | Lair:1   | Reached skill level 5 in Armour
 15593 | Lair:2   | Noticed a four-headed hydra
 15657 | Lair:2   | Noticed a six-headed hydra
 15657 | Lair:2   | Noticed a four-headed hydra
 15890 | Lair:2   | Slain by a blink frog

Illustrated notes

Levels and vault maps discovered:
D:1:      dpeg_arrival_round_a, layout_loops_ring
D:2:      layout_loops_ring, fedhas_altar_2, uniq_crazy_yiuf_cottage,
          uniq_sigmund
D:3:      layout_basic, overflow_temple_1_default, cheibriados_altar_1,
          hex_medium, uniq_robin
D:4:      layout_rooms, minmay_temple_entry_statues_pillars, first_ration,
          serial_bayou_pond_a, uniq_edmund, uniq_menkaure
D:5:      layout_basic, amethyst_overflow_temple_binary, basic_altar
D:6:      layout_gridville, portal_sewer_entry_d, serial_shops,
          nicolae_shop_temple_entry_statues_fountains
D:7:      layout_cave_pods, nicolae_ossuary_entry_catacombs, uniq_joseph
D:8:      layout_gridville, uniq_maggie, uniq_pikel, uniq_prince_ribbit1,
          uniq_gastronok
D:9:      layout_gridville, led_sif_pool, orc_0_dummy, gammafunk_ghost_smash
D:10:     layout_basic, erik_lair_island, enter_trove_0, uniq_erica, uniq_harold
Temple:   minmay_crystal_spiral_temple
Lair:1:   layout_regular_city
Lair:2:   layout_chaotic_city, palyth_hydra_swamp_entry, st_stairs_9,
          worms_lemuel, uniq_urug

Skill      XL: |  1  2  3  4  5  6  7  8  9 10 11 |
---------------+----------------------------------+-----
Spellcasting   | 2 3 |  3.1
Stealth        | 3 4 5 |  5.0
Necromancy     | 5 6 7 8 9 |  9.0
Fighting       | 1 2 3 4 5 6 7 |  7.8
Dodging        | 3 4 5 6 7 8 |  8.9
Evocations     | 2 3 |  3.0
Axes           | 4 8 10 11 | 11.7
Slings         | 2 3 |  3.0
Armour         | 3 5 |  5.4
Invocations    | 4 |  4.7

Action                   |  1- 3 |  4- 6 |  7- 9 | 10-12 || total
-------------------------+-------+-------+-------+-------++-------
Melee: Unarmed           |     1 |       |       |       ||     1
       Short sword       |    14 |     8 |    18 |       ||    40
       Hand axe          |       |       |    44 |   112 ||   156
       War axe           |       |       |       |   132 ||   132
 Fire: Hunting sling     |       |       |   240 |   105 ||   345
Throw: Stone             |     1 |    13 |     6 |     2 ||    22
       Dart              |       |       |     2 |       ||     2
 Cast: Pain              |    73 |    70 |    37 |    19 ||   199
       Animate Skeleton  |    16 |     9 |    21 |    28 ||    74
       Vampiric Draining |    13 |    25 |    71 |    84 ||   193
       Animate Dead      |       |       |       |     9 ||     9
Evoke: Wand              |       |     4 |     1 |     4 ||     9
  Use: Scroll            |       |     1 |    14 |     8 ||    23
       Potion            |       |       |     4 |     1 ||     5
 Stab: Sleeping          |       |       |       |     4 ||     4
       Distracted        |       |       |       |     1 ||     1
  Eat: Chunk             |     9 |     9 |    18 |    21 ||    57
       Ration            |       |     1 |     1 |     2 ||     4
Armor: Robe              |     2 |     2 |    17 |     2 ||    23
       Animal skin       |       |    10 |    36 |       ||    46
       Steam dragon scal |       |       |       |    89 ||    89
Dodge: Dodged            |    28 |    49 |   126 |   295 ||   498
